General information
			
			
        
        - name: BNet
 
        - type: Ladder team game (AT/RT)
 
        - host: Battle.net
 
        - saver: TIMG4STRok
 
        
map: UpperKingdom 
        - players: 6
 
        - length: 08:55
 
        - speed: Fast
 - version: 1.22 W3XP
 - replay type:  

 
» download(68 KB)
Players
        team 1 (winner) 
              
              
» 
298739283939208 (
orange | 99 APM | 879 actions | 08:54)
              
 2 Death Knight 
 1 Death Coil
 1 Unholy Aura
 
                » actions 
                
                | Assign group hotkey | 18 |  | 
| Basic commands | 1 |  | 
| Build / train | 25 |  | 
| ESC pressed | 2 |  | 
| Enter build submenu | 10 |  | 
| Enter hero's abilities submenu | 2 |  | 
| Give item / drop item | 1 |  | 
| Right click | 408 |  | 
| Select / deselect | 93 |  | 
| Select group hotkey | 289 |  | 
| Use ability | 30 |  | 
                879 total
 » units 
                
                | Acolyte | 2 |  | 
| Ghoul | 2 |  | 
| Crypt Fiend | 8 |  | 
                12 total
 » upgrades
                » buildings
                
                | Crypt | 1 |  | 
| Graveyard | 1 |  | 
| Altar of Darkness | 1 |  | 
| Ziggurat | 3 |  | 
| Tomb of Relics | 1 |  | 
| Nerubian Tower | 1 |  | 
| Halls of the Dead | 1 |  | 
| Black Citadel | 1 |  | 
                10 total
 » build order
                00:24 Crypt
00:36 Graveyard
00:56 Altar of Darkness
01:11 Ziggurat
01:49 Tomb of Relics
02:37 Ziggurat
03:16 Nerubian Tower
04:24 Halls of the Dead
05:38 Ziggurat
06:45 Black Citadel
» items
                
                | Rod of Necromancy | 2 |  | 
| Dust of Appearance | 1 |  | 
                3 total
  
               
              
              
TALONSAREIMBA (
green | 113 APM | 1003 actions | 08:54)
              
 2 Tauren Chieftain 
 1 War Stomp
 1 Endurance Aura
 1 Shadow Hunter 
 1 Hex
 
                » actions 
                
                | Assign group hotkey | 12 |  | 
| Basic commands | 61 |  | 
| Build / train | 27 |  | 
| Enter build submenu | 9 |  | 
| Enter hero's abilities submenu | 3 |  | 
| Right click | 482 |  | 
| Select / deselect | 182 |  | 
| Select group hotkey | 197 |  | 
| Use ability | 30 |  | 
                1003 total
 » units 
                » buildings
                
                | Altar of Storms | 1 |  | 
| Orc Burrow | 4 |  | 
| Barracks | 1 |  | 
| Voodoo Lounge | 1 |  | 
| Stronghold | 1 |  | 
| War Mill | 1 |  | 
| Beastiary | 1 |  | 
                10 total
 » build order
                00:04 Altar of Storms
00:06 Orc Burrow
00:40 Barracks
01:33 Orc Burrow
02:01 Voodoo Lounge
03:35 Stronghold
03:55 Orc Burrow
04:50 War Mill
06:06 Beastiary
06:15 Orc Burrow
» items
                
                | Healing Salve | 2 |  | 
| Lesser Clarity Potion | 2 |  | 
| Scroll of Speed | 1 |  | 
                5 total
  
               
              
              
» 
TIMG4STRok (
blue | 157 APM | 1402 actions | 08:55)
              
 3 Blademaster 
 2 Wind Walk
 1 Critical Strike
 1 Shadow Hunter 
 1 Hex
 
                » actions 
                
                | Assign group hotkey | 14 |  | 
| Basic commands | 26 |  | 
| Build / train | 33 |  | 
| ESC pressed | 1 |  | 
| Enter build submenu | 9 |  | 
| Enter hero's abilities submenu | 4 |  | 
| Right click | 720 |  | 
| Select / deselect | 80 |  | 
| Select group hotkey | 478 |  | 
| Use ability | 37 |  | 
                1402 total
 » units 
                » upgrades
                
                | Berserker Strength | 1 |  | 
| Pillage | 1 |  | 
| Ensnare | 1 |  | 
                3 total
 » buildings
                
                | Altar of Storms | 1 |  | 
| Orc Burrow | 4 |  | 
| Barracks | 1 |  | 
| Voodoo Lounge | 1 |  | 
| Stronghold | 3 |  | 
| Beastiary | 2 |  | 
                12 total
 » build order
                00:06 Altar of Storms
00:24 Orc Burrow
00:46 Barracks
01:33 Orc Burrow
02:06 Voodoo Lounge
02:51 Stronghold
02:52 Stronghold
02:52 Stronghold
05:25 Beastiary
05:25 Beastiary
05:29 Orc Burrow
05:48 Orc Burrow
» items
                
                | Healing Salve | 1 |  | 
| Lesser Clarity Potion | 1 |  | 
                2 total
  
               team 2 (loser) 
              
              
AoX]FRoGs (
yellow | 61 APM | 479 actions | 07:50)
              
 2 Demon Hunter 
 1 Mana Burn
 1 Evasion
 
                » actions 
                
                | Build / train | 22 |  | 
| Enter build submenu | 11 |  | 
| Enter hero's abilities submenu | 2 |  | 
| Right click | 310 |  | 
| Select / deselect | 110 |  | 
| Use ability | 24 |  | 
                479 total
 » units 
                » buildings
                
                | Altar of Elders | 1 |  | 
| Moon Well | 4 |  | 
| Hunter's Hall | 1 |  | 
| Ancient of War | 1 |  | 
| Ancient of Wonders | 1 |  | 
| Tree of Ages | 1 |  | 
| Ancient Protector | 1 |  | 
| Ancient of Lore | 2 |  | 
                12 total
 » build order
                00:12 Altar of Elders
00:20 Moon Well
01:50 Hunter's Hall
02:13 Ancient of War
02:32 Moon Well
03:07 Ancient of Wonders
04:22 Tree of Ages
05:00 Moon Well
05:37 Moon Well
06:01 Ancient Protector
07:29 Ancient of Lore
07:34 Ancient of Lore
 
               
              
              
HooCkERs (
teal | 86 APM | 766 actions | 08:53)
              
 2 Death Knight 
 1 Death Coil
 1 Unholy Aura
 1 Lich 
 1 Frost Nova
 1 Keeper of the Grove 
 1 Entangling Roots
 
                » actions 
                
                | Assign group hotkey | 28 |  | 
| Basic commands | 43 |  | 
| Build / train | 37 |  | 
| ESC pressed | 1 |  | 
| Enter build submenu | 9 |  | 
| Enter hero's abilities submenu | 4 |  | 
| Right click | 271 |  | 
| Select / deselect | 90 |  | 
| Select group hotkey | 248 |  | 
| Use ability | 35 |  | 
                766 total
 » units 
                
                | Acolyte | 2 |  | 
| Ghoul | 6 |  | 
| Crypt Fiend | 11 |  | 
| Obsidian Statue | 2 |  | 
                21 total
 » upgrades
                » buildings
                
                | Crypt | 1 |  | 
| Ziggurat | 4 |  | 
| Altar of Darkness | 1 |  | 
| Graveyard | 1 |  | 
| Tomb of Relics | 1 |  | 
| Nerubian Tower | 4 |  | 
| Halls of the Dead | 1 |  | 
| Slaughterhouse | 1 |  | 
                14 total
 » build order
                00:09 Crypt
00:10 Ziggurat
00:24 Altar of Darkness
00:51 Graveyard
01:25 Ziggurat
01:42 Tomb of Relics
01:52 Nerubian Tower
01:53 Nerubian Tower
04:16 Halls of the Dead
04:34 Ziggurat
05:30 Ziggurat
06:47 Slaughterhouse
» items
                
                | Rod of Necromancy | 2 |  | 
| Potion of Healing | 1 |  | 
| Potion of Mana | 1 |  | 
                4 total
  
               
              
              
» 
PurpleHaZewjg1 (
pink | 71 APM | 537 actions | 07:34)
              
 1 Archmage 
 1 Summon Water Elemental
 
                » actions 
                
                | Assign group hotkey | 16 |  | 
| Basic commands | 77 |  | 
| Build / train | 29 |  | 
| ESC pressed | 1 |  | 
| Enter build submenu | 11 |  | 
| Enter hero's abilities submenu | 1 |  | 
| Right click | 192 |  | 
| Select / deselect | 122 |  | 
| Select group hotkey | 68 |  | 
| Use ability | 20 |  | 
                537 total
 » units 
                » buildings
                
                | Altar of Kings | 1 |  | 
| Barracks | 1 |  | 
| Farm | 6 |  | 
| Scout Tower | 1 |  | 
| Arcane Tower | 1 |  | 
| Lumber Mill | 1 |  | 
| Town Hall | 1 |  | 
| Keep | 1 |  | 
                13 total
 » build order
                00:20 Altar of Kings
00:35 Barracks
00:49 Farm
01:04 Farm
01:49 Farm
02:18 Scout Tower
04:50 Arcane Tower
05:38 Lumber Mill
06:00 Farm
06:01 Farm
06:22 Town Hall
06:38 Keep
07:11 Farm
 
                Chat log
          (00:14 / All) AoX]FRoGs: ?
(00:21 / All) TIMG4STRok: manner game sh!t head
(00:27 / All) PurpleHaZewjg1: STFU
(00:44 / All) HooCkERs: if u dont have time for play 
(00:47 / All) HooCkERs: dont play
(00:52 / All) AoX]FRoGs: Right
(00:54 / All) TIMG4STRok: how about you SUCK ON MY DICK!!!!!!!!
(00:56 / All) PurpleHaZewjg1: haha
(00:59 / All) HooCkERs: and get a job or someyhing
(01:14 / All) TALONSAREIMBA: get a job - some wc3 player
(01:29 / All) HooCkERs: i have a life too
(01:39 / All) 298739283939208: LIFE OF LIVING IN THE BASEMENT OF YOUR PARENTS
(01:42 / All) TIMG4STRok: what you life getting pwned
(01:45 / All) 298739283939208: YOU 50 YEAR OLD FREAK
(01:55 / All) AoX]FRoGs: Nice one oj
(01:55 / All) HooCkERs: m 11
(01:58 / All) HooCkERs: really
(02:00 / All) TIMG4STRok: m 11
(02:09 / All) 298739283939208: K
(03:24 / All) AoX]FRoGs: Nice hax noob
(04:18 / All) AoX]FRoGs: we need lives..
(04:19 / All) AoX]FRoGs: but yet
(04:27 / All) AoX]FRoGs: u mh
(04:32 / All) AoX]FRoGs: sry shit's
(04:33 / All) TIMG4STRok: lmao
(04:36 / All) TIMG4STRok: i was in your base
(04:39 / All) TIMG4STRok: and saw militia run down
(04:40 / All) TIMG4STRok: retard
(04:55 / All) AoX]FRoGs: right..
(07:02 / All) AoX]FRoGs: Im noob
(07:06 / All) AoX]FRoGs: rofl
(07:17 / All) AoX]FRoGs: pink talks shit for 49%er
(07:25 / All) PurpleHaZewjg1: yup look at my stats then urs
(07:47 / All) AoX]FRoGs: rofl good teamate
(07:54 / All) HooCkERs: wtf
(08:20 / All) TIMG4STRok: bue
(08:21 / Allies) TIMG4STRok: bye